Map: Defender's Landing LE

Players

Neeb - Winner!

  • Race: Protoss Protoss
  • Spawn Location: 1:00

LiquidTLO (TLO)

  • Race: Zerg Zerg
  • Spawn Location: 7:00

Event: WCS Jonkoping 2017

VOD

Have the link to the VOD?

Description

Time

  • Played on: June 17, 2017, 3:34 p.m.
  • Length: 12:54

All games in this series

Show
View Real Time Build Order
Export as new Build Order

Neeb Protoss - Winner!

Build Orders: 1 Gate Expand, Zealot Archon, Dark Templar Rush 

Get SALT Encoding   

  12  0:00  Probe (Chrono Boost)  
  13  0:11  Probe (Chrono Boost)  
  14  0:18  Pylon  
  14  0:22  Probe (Chrono Boost)  
  15  0:36  Probe (Chrono Boost)  
  15  0:40  Gateway  
  16  0:47  Probe (Chrono Boost)  
  17  0:50  Assimilator  
  17  0:57  Probe (Chrono Boost)  
  17  1:00  Pylon  
  18  1:08  Probe (Chrono Boost)  
  19  1:23  Nexus  
  19  1:26  Probe (Chrono Boost)  
  20  1:36  Cybernetics Core  
  21  1:40  Probe (Chrono Boost)  
  21  1:45  Assimilator  
  21  1:50  Probe (Chrono Boost)  
  22  1:55  Pylon  
  22  2:01  Probe (Chrono Boost)  
  23  2:12  Warp Gate  
  23  2:13  Probe, Adept (Chrono Boost)  
  26  2:26  Mothership Core (Chrono Boost)  
  28  2:35  Probe (Chrono Boost)  
  29  2:37  Stalker (Chrono Boost)  
  31  2:46  Probe x2 (Chrono Boost)  
  33  2:56  Probe (Chrono Boost)  
  33  2:57  Probe (Chrono Boost)  
  33  2:58  Twilight Council  
  35  3:07  Probe x2 (Chrono Boost)  
  37  3:14  Robotics Facility  
  37  3:17  Probe (Chrono Boost)  
  37  3:18  Probe (Chrono Boost)  
  39  3:22  Gateway  
  39  3:28  Probe (Chrono Boost)  
  39  3:30  Probe (Chrono Boost)  
  39  3:33  Pylon  
  39  3:38  Probe (Chrono Boost)  
  39  3:40  Dark Shrine  
  41  3:41  Probe (Chrono Boost)  
  41  3:49  Probe (Chrono Boost)  
  41  3:51  Pylon, Probe (Chrono Boost)  
  43  3:55  Assimilator  
  43  3:58  Probe (Chrono Boost)  
  43  3:59  Assimilator  
  43  4:00  Warp Prism (Chrono Boost)  
  46  4:03  Probe  
  46  4:08  Pylon, Probe  
  47  4:15  Probe  
  49  4:19  Probe, Gateway  
  49  4:20  Gateway  
  50  4:28  Probe  
  50  4:30  Probe  
  52  4:41  Probe x2  
  53  4:51  Nexus  
  53  4:52  Pylon  
  53  4:53  Dark Templar x2  
  53  4:55  Probe  
  53  4:58  Observer (Chrono Boost)  
  59  5:00  Probe  
  59  5:05  Pylon  
  59  5:06  Archon  
  60  5:09  Probe  
  60  5:10  Probe  
  62  5:15  Dark Templar x2  
  62  5:19  Archon  
  67  5:23  Immortal (Chrono Boost)  
  67  5:26  Adept x2  
  73  5:34  Pylon  
  73  5:35  Pylon  
  73  5:37  Probe  
  73  5:38  Probe  
  75  5:43  Pylon  
  75  5:51  Probe  
  75  5:55  Sentry x2  
  78  6:00  Pylon  
  78  6:02  Immortal (Chrono Boost)  
  78  6:03  Gateway  
  80  6:04  Gateway  
  80  6:05  Probe  
  80  6:07  Probe x2  
  80  6:10  Sentry  
  85  6:17  Probe x2  
  85  6:18  Probe  
  86  6:25  Pylon  
  88  6:26  Pylon  
  88  6:27  Sentry  
  88  6:28  Probe  
  88  6:29  Probe  
  88  6:30  Probe  
  88  6:31  Gateway  
  93  6:37  Immortal (Chrono Boost)  
  97  6:40  Dark Templar  
  97  6:42  Dark Templar  
  97  6:44  Probe  
  97  6:45  Probe x2  
  104  6:48  Archon  
  104  7:00  Probe  
  104  7:01  Probe  
  104  7:02  Probe  
  104  7:03  Dark Templar x2  
  104  7:05  Charge (Chrono Boost)  
  104  7:06  Immortal (Chrono Boost)  
  111  7:09  Archon  
  111  7:11  Probe  
  111  7:14  Assimilator x2  
  116  7:17  Zealot x4  
  116  7:21  Pylon  
  124  7:23  Pylon  
  124  7:30  Pylon  
  124  7:32  Pylon  
  124  7:33  Pylon  
  124  7:39  Dark Templar x2  
  124  7:40  Zealot x2  
  124  7:42  Immortal  
  124  7:43  Archon  
  132  7:46  Pylon  
  132  7:47  Pylon  
  136  7:55  Forge  
  136  7:56  Gateway  
  136  8:05  Dark Templar  
  136  8:06  Dark Templar  
  136  8:09  Zealot x3  
  145  8:16  Immortal  
  145  8:17  Archon  
  145  8:21  Pylon  
  149  8:28  Protoss Ground Weapons Level 1 (Chrono Boost)  
  149  8:30  Photon Cannon  
  140  8:44  Nexus  
  140  8:46  Probe x2  
  140  8:47  Zealot x5  
  150  8:50  Immortal  
  150  8:52  Nexus  
  144  9:00  Gateway  
  144  9:01  Gateway  
  148  9:13  Pylon  
  148  9:15  Templar Archives  
  148  9:25  Immortal  
  148  9:26  Probe  
  148  9:27  Probe x2  
  148  9:30  Pylon  
  153  9:32  Zealot x6  
  163  9:51  Cybernetics Core  
  163  9:53  Probe x2  
  163  9:55  Probe  
  163  9:59  Immortal  
  160  10:00  Assimilator  
  160  10:05  Probe, Assimilator  
  163  10:11  High Templar x6  
  175  10:17  Blink  
  175  10:19  Archon x2  
  175  10:20  Archon  
  175  10:23  Pylon  
  175  10:28  High Templar x2  
  177  10:32  Photon Cannon  
  177  10:33  Immortal  
  179  10:37  Archon  
  183  10:55  Zealot x2  
  183  10:56  Zealot x4  
  192  11:07  Immortal  
  192  11:15  Forge  
  196  11:23  Pylon  
  196  11:25  Gateway  
  196  11:27  Pylon, Gateway  
  196  11:28  Gateway x2  
  196  11:29  Pylon  
  196  11:31  Stargate  
  154  11:54  Stalker x7  
  146  12:18  Stalker x7  
  160  12:26  Nexus  
  158  12:36  Stalker x4  
  158  12:48  Stalker x7  
Show
View Real Time Build Order
Export as new Build Order

LiquidTLO Zerg 

Build Orders: Hatch First, Swarm Host 

Get SALT Encoding   

  12  0:00  Drone  
  13  0:13  Overlord  
  13  0:16  Drone  
  14  0:32  Drone x2  
  16  0:45  Drone  
  17  0:59  Hatchery  
  17  1:01  Drone  
  17  1:02  Extractor  
  16  1:05  Drone  
  17  1:15  Spawning Pool  
  16  1:19  Drone  
  16  1:24  Drone  
  18  1:29  Drone  
  19  1:39  Overlord  
  19  2:02  Zergling x4, Metabolic Boost  
  21  2:09  Queen  
  21  2:11  Queen  
  21  2:12  Drone  
  21  2:15  Drone  
  27  2:22  Drone  
  28  2:25  Drone  
  29  2:39  Hatchery  
  29  2:40  Zergling x2  
  29  2:44  Drone  
  30  2:46  Drone  
  31  2:52  Queen  
  33  3:00  Overlord  
  33  3:04  Drone  
  33  3:07  Spore Crawler  
  33  3:10  Spore Crawler  
  33  3:11  Drone  
  33  3:12  Drone  
  34  3:14  Drone  
  34  3:19  Drone  
  37  3:20  Drone  
  37  3:21  Drone  
  37  3:23  Drone  
  37  3:26  Drone  
  40  3:30  Overlord  
  40  3:37  Drone  
  40  3:42  Drone  
  40  3:46  Roach Warren  
  40  3:49  Drone  
  40  3:51  Overlord  
  40  3:53  Drone  
  40  3:54  Drone x2  
  40  3:55  Drone  
  45  4:01  Drone x2  
  47  4:05  Drone x3  
  47  4:06  Extractor  
  49  4:10  Drone  
  49  4:16  Spore Crawler, Drone x2  
  51  4:18  Drone  
  51  4:24  Spore Crawler, Drone  
  52  4:26  Roach x3  
  52  4:29  Roach  
  60  4:32  Roach  
  60  4:34  Drone  
  60  4:35  Overlord  
  63  4:41  Roach  
  63  4:43  Overlord  
  64  4:47  Lair  
  64  4:49  Overlord  
  64  4:50  Spore Crawler  
  64  4:51  Drone  
  64  4:56  Overlord  
  64  4:57  Drone  
  65  5:01  Drone  
  65  5:02  Drone x4  
  65  5:04  Zergling x2  
  71  5:07  Roach  
  71  5:09  Roach  
  71  5:10  Extractor  
  71  5:11  Extractor  
  71  5:12  Roach  
  71  5:13  Drone  
  76  5:19  Roach x2  
  80  5:22  Roach  
  80  5:24  Overlord  
  82  5:29  Drone  
  82  5:30  Drone x2  
  82  5:31  Roach  
  87  5:36  Roach  
  87  5:38  Roach  
  87  5:40  Roach  
  87  5:41  Roach  
  95  5:48  Roach  
  93  5:50  Glial Reconstitution  
  93  5:52  Roach  
  93  5:53  Extractor, Drone x7  
  100  6:01  Roach  
  100  6:03  Roach  
  104  6:06  Overlord  
  104  6:07  Overlord x2  
  104  6:09  Overlord  
  104  6:10  Overlord  
  104  6:17  Roach  
  104  6:18  Overlord  
  104  6:20  Overlord  
  104  6:21  Overseer  
  104  6:26  Infestation Pit, Overlord  
  104  6:27  Ravager  
  104  6:28  Ravager  
  104  6:29  Roach  
  104  6:31  Drone  
  108  6:33  Roach  
  108  6:34  Roach  
  108  6:35  Roach x2  
  108  6:38  Roach  
  118  6:42  Roach x2  
  118  6:44  Roach  
  122  6:48  Roach  
  122  6:49  Roach  
  122  6:51  Roach  
  122  6:52  Roach  
  130  6:56  Roach  
  130  7:01  Roach x5  
  130  7:02  Roach  
  130  7:05  Zergling x4  
  130  7:07  Roach  
  134  7:08  Roach  
  134  7:11  Roach  
  134  7:14  Overlord  
  138  7:16  Overlord  
  138  7:22  Swarm Host x2  
  138  7:27  Swarm Host  
  145  7:30  Overlord x2  
  145  7:31  Overlord  
  145  7:33  Swarm Host  
  148  7:38  Swarm Host  
  148  7:42  Swarm Host  
  154  7:47  Swarm Host  
  154  7:50  Zergling x2  
  154  7:51  Zergling x12  
  163  7:57  Drone x2  
  165  7:59  Extractor  
  165  8:00  Queen  
  165  8:04  Baneling Nest  
  165  8:05  Zergling x4  
  167  8:06  Ravager  
  167  8:07  Ravager x2  
  170  8:14  Ravager  
  170  8:16  Zergling x6  
  170  8:19  Hatchery  
  173  8:22  Zergling x14  
  173  8:26  Evolution Chamber  
  179  8:31  Roach  
  181  8:34  Roach  
  176  8:45  Roach  
  176  8:46  Zergling x6  
  180  8:53  Hive  
  180  8:59  Ravager x2  
  180  9:01  Spire  
  173  9:03  Zergling x8  
  175  9:11  Centrifical Hooks  
  172  9:18  Zergling x16  
  172  9:20  Zergling x2  
  177  9:39  Roach  
  179  9:46  Zergling x2  
  176  9:53  Overlord  
  176  9:56  Zergling x2  
  176  9:59  Zergling x4  
  167  10:00  Zergling x2  
  167  10:04  Zergling x4  
  167  10:05  Roach  
  161  10:08  Zergling x10  
  161  10:09  Zergling x6  
  161  10:11  Baneling x2  
  161  10:12  Baneling x23  
  169  10:16  Queen, Greater Spire  
  169  10:19  Zergling x14  
  169  10:20  Zergling x6  
  181  10:26  Zergling x4  
  183  10:33  Corruptor x2  
  183  10:34  Zerg Melee Weapons Level 1  
  187  10:36  Corruptor  
  188  10:47  Baneling  
  188  10:48  Baneling x6  
  188  10:55  Zergling x4  
  188  10:56  Zergling x2  
  186  10:57  Corruptor  
  186  10:58  Corruptor  
  175  11:05  Corruptor  
  175  11:09  Corruptor  
  174  11:11  Zergling x2  
  174  11:16  Zergling x2  
  170  11:29  Brood Lord x2  
  170  11:31  Zergling x16  
  170  11:32  Zergling x2  
  179  11:34  Zergling x2  
  179  11:38  Zergling x6  
  173  11:41  Zergling x2  
  173  11:43  Zergling x2  
  173  11:44  Zergling x4  
  173  11:45  Zergling x2  
  151  11:47  Zergling x4  
  126  11:58  Roach x2  
  126  11:59  Roach x3  
  126  12:00  Roach  
  112  12:01  Roach  
  112  12:04  Zergling x4  
  110  12:11  Brood Lord  
  110  12:12  Brood Lord  
  114  12:16  Brood Lord  
  118  12:28  Brood Lord  
  119  12:31  Zergling x6  
Tags
 
Add a new tag
Caveats
  • Supply blocks, unpowered buildings, or Contaminate may cause inaccurate times.
  • Supply counts are checked every 10 seconds.